 Dungeon Sprint DCSS version 0.18.1-8-gdd0e5ea (webtiles) character file.

3427 Groucho the Grappler (level 10, -6/74 HPs)
             Began as an Octopode Transmuter on May 22, 2016.
             Was the Champion of Cheibriados.
             Mangled by a four-headed hydra (8 damage)
             ... in the Dungeon (Sprint IX: "|||||||||||||||||||||||||||||").
             The game lasted 00:04:13 (3272 turns).

Groucho the Grappler (Octopode Transmuter)          Turns: 3272, Time: 00:04:13

Health: -6/74      AC:  2    Str: 34    XL:     10   Next: 5%
Magic:  20/22      EV: 34    Int: 31    God:    Cheibriados [******]
Gold:   12         SH:  0    Dex: 32    Spells: 4 memorised, 13 levels left

rFire  . . .     SeeInvis .       - Unarmed
rCold  . . .     Gourm    .     (shield currently unavailable)
rNeg   . . .     Faith    .     (helmet currently unavailable)
rPois  x         Spirit   .     (no amulet)
rElec  .         Dismiss  .     l - +3 ring of strength
rCorr  .         Reflect  .     m - +3 ring of strength
SustAt .         Harm     .     (no ring)
MR     .....     NoTele   +     (no ring)
Stlth  ++........               (no ring)
                                (no ring)
                                (no ring)
                                (no ring)

@: spider-form, very slow, not resistant to hostile enchantments, unstealthy
A: almost no armour, (amphibious), 8 rings, (constrict 8), (camouflage 0),
(gelatinous body 0)
a: End Transformation, Bend Time, Temporal Distortion, Slouch, Step From Time,
Renounce Religion


You were in the Dungeon.
You worshipped Cheibriados.
Cheibriados was exalted by your worship.
You were not hungry.
You were a venomous arachnid creature.
You visited 1 branch You collected 12 gold pieces.

Inventory:

Missiles
 a - 12 arrows
Jewellery
 l - a +3 ring of strength (left front leg)
 m - a +3 ring of strength (right front leg)
Wands
 k - a wand of iceblast (7/15)
 p - a wand of flame (16/48)
Scrolls
 h - 4 scrolls of remove curse
 i - 4 scrolls of blinking
 j - 2 scrolls of amnesia
 q - 2 scrolls of enchant weapon
 r - 2 scrolls of enchant armour
Potions
 c - a potion of brilliance
 d - 4 potions of curing
 e - a potion of invisibility
 g - 4 potions of magic
 n - a potion of resistance
 o - a potion of agility
Books
 b - a book of Changes

   Spells                             Type                      Level
   a - Beastly Appendage              Transmutation                1
   b - Sticks to Snakes               Transmutation                2
   c - Spider Form                    Transmutation/Poison         3
   d - Ice Form                       Ice/Transmutation            4
   e - Blade Hands                    Transmutation                5


   Skills:
 * Level 9.2 Fighting
 * Level 9.4 Dodging
 * Level 9.8 Unarmed Combat
 * Level 8.8 Spellcasting
 * Level 9.6 Transmutations
 + Level 4.9 Ice Magic
 + Level 6.1 Poison Magic
 + Level 5.5 Invocations
 + Level 5.4 Evocations


You had 13 spell levels left.
You knew the following spells:

 Your Spells              Type           Power        Failure   Level  Hunger
a - Beastly Appendage     Trmt           ######       1%          1    None
b - Spider Form           Trmt/Pois      ######....   3%          3    None
c - Ice Form              Ice/Trmt       ######..     8%          4    None
d - Blade Hands           Trmt           ######....   8%          5    ####...


Dungeon Overview and Level Annotations

Branches:
Dungeon (1/1)

Altars:
Cheibriados
Dithmenos
Elyvilon
Fedhas
Gozag
Kikubaaqudgha
Makhleb
Nemelex Xobeh
Okawaru
Pakellas
Qazlal
Ru
Sif Muna
Trog
Vehumet
Xom
Yredelemnul
Zin
The Shining One
Beogh
Jiyva
Lugonu


Innate Abilities, Weirdness & Mutations

You cannot wear most types of armour.
((You are amphibious.))
You can wear up to eight rings at the same time.
((You can use your tentacles to constrict eight enemies at once.))
((Your skin changes colour to match your surroundings (Stealth).))
((Your rubbery body absorbs attacks (AC +1).))


Message History

Unknown command.
Drink which item? (? for menu, Esc to quit)
You feel better.
The four-headed hydra completely misses you.
The four-headed hydra barely misses you.
The four-headed hydra bites you!
* * * LOW HITPOINT WARNING * * *
The four-headed hydra completely misses you.
You maul the four-headed hydra!!
The four-headed hydra is heavily wounded.
The four-headed hydra barely misses you.
The four-headed hydra misses you.
The four-headed hydra completely misses you.
The four-headed hydra closely misses you.
You maul the four-headed hydra!!
The four-headed hydra is almost dead.
The four-headed hydra bites you!
* * * LOW HITPOINT WARNING * * *
The four-headed hydra bites you!
You die...

▓▓▓▓▓▓▓▓▓▓▓▓▓▓▓▓▓▓▓▓▓▓▓▓
......'.........sDtrFrHr
▓▓▓▓▓▓▓▓▓▓▓▓▓▓▓▓▓▓▓▓▓▓▓▓▓▓▓▓▓▓▓▓▓
.................................
▓▓▓▓▓▓▓▓▓▓▓▓▓▓▓▓▓▓▓▓▓▓▓▓▓▓▓▓▓▓▓▓▓
.'______________________'..|)[[[.
▓▓▓▓▓▓▓▓▓▓▓▓▓▓▓▓▓▓▓▓▓▓▓▓▓▓▓▓▓▓▓▓▓


You could see a four-headed hydra, a hippogriff, a crocodile, a giant frog, 2
porcupines and a river rat.

Vanquished Creatures
  A hydra (D)
  A black mamba (D)
  A gargoyle (D)
  A rime drake (D)
  A komodo dragon (D)
  2 polar bears (D)
  A blink frog (D)
  A basilisk (D)
  A vampire mosquito (D)
  A water moccasin (D)
  A sky beast (D)
  A phantom (D)
  A crocodile (D)
  A big kobold (D)
  2 giant frogs (D)
  A scorpion (D)
  2 crimson imps (D)
  An orc priest (D)
  An iguana (D)
  A worker ant (D)
  An ooze (D)
  An adder skeleton (D)
  A dart slug (D)
  An orc (D)
  A giant cockroach (D)
  A goblin (D)
  A hobgoblin (D)
  A quokka (D)
  A giant cockroach zombie (D)
  A giant newt (D)
33 creatures vanquished.

Notes
Turn   | Place    | Note
--------------------------------------------------------------
     0 | D        | Groucho the Octopode Transmuter began the quest for the Orb.
     0 | D        | Reached XP level 1. HP: 13/13 MP: 3/3
    11 | D        | Reached XP level 2. HP: 13/19 MP: 5/5
   374 | D        | Noticed a phantom
   374 | D        | Noticed a water moccasin
   374 | D        | Noticed a crimson imp
   385 | D        | Killed a water moccasin
   385 | D        | Reached skill level 5 in Unarmed Combat
   385 | D        | Reached XP level 3. HP: 11/27 MP: 4/8
   385 | D        | Reached XP level 4. HP: 14/33 MP: 5/10
   392 | D        | Reached XP level 5. HP: 16/37 MP: 6/11
   399 | D        | Reached skill level 5 in Dodging
   399 | D        | Reached skill level 5 in Transmutations
   404 | D        | HP: 1/38 [phantom (2)]
   413 | D        | Learned a level 3 spell: Spider Form
   415 | D        | Killed a phantom
   415 | D        | Reached skill level 5 in Fighting
   415 | D        | Reached skill level 5 in Spellcasting
   415 | D        | Reached XP level 6. HP: 10/45 MP: 7/14
  1060 | D        | Found a glowing silver altar of Zin.
  1060 | D        | Found a glowing golden altar of the Shining One.
  1060 | D        | Found an ancient bone altar of Kikubaaqudgha.
  1060 | D        | Found a basalt altar of Yredelemnul.
  1060 | D        | Found a shimmering altar of Xom.
  1060 | D        | Found a radiant altar of Vehumet.
  1061 | D        | Found an iron altar of Okawaru.
  1062 | D        | Found a burning altar of Makhleb.
  1063 | D        | Found a deep blue altar of Sif Muna.
  1064 | D        | Found a bloodstained altar of Trog.
  1065 | D        | Found a sparkling altar of Nemelex Xobeh.
  1066 | D        | Found a white marble altar of Elyvilon.
  1067 | D        | Found a roughly hewn altar of Beogh.
  1068 | D        | Found a viscous altar of Jiyva.
  1069 | D        | Found a corrupted altar of Lugonu.
  1070 | D        | Found a blossoming altar of Fedhas.
  1071 | D        | Found a snail-covered altar of Cheibriados.
  1072 | D        | Found a shadowy altar of Dithmenos.
  1073 | D        | Found a stormy altar of Qazlal.
  1074 | D        | Found an opulent altar of Gozag.
  1075 | D        | Found a sacrificial altar of Ru.
  1076 | D        | Found an oddly glowing altar of Pakellas.
  1085 | D        | Became a worshipper of Cheibriados the Contemplative
  1119 | D        | Learned a level 4 spell: Ice Form
  1125 | D        | Learned a level 5 spell: Blade Hands
  1145 | D        | Reached * piety under Cheibriados
  1145 | D        | Reached skill level 1 in Poison Magic
  1145 | D        | Reached skill level 1 in Invocations
  1147 | D        | Reached skill level 1 in Ice Magic
  1152 | D        | Reached ** piety under Cheibriados
  1152 | D        | Reached skill level 1 in Evocations
  1159 | D        | Reached XP level 7. HP: 51/52 MP: 14/16
  1286 | D        | Noticed a vampire mosquito
  1286 | D        | Noticed a gargoyle
  1296 | D        | Reached *** piety under Cheibriados
  1305 | D        | Killed a vampire mosquito
  1311 | D        | Reached **** piety under Cheibriados
  1325 | D        | Killed a gargoyle
  1325 | D        | Reached XP level 8. HP: 7/60 MP: 11/18
  2669 | D        | Noticed a black mamba
  2669 | D        | Noticed a komodo dragon
  2669 | D        | Noticed a blink frog
  2670 | D        | Noticed a five-headed hydra
  2674 | D        | Reached ***** piety under Cheibriados
  2678 | D        | Killed a black mamba
  2682 | D        | Noticed a rime drake
  2684 | D        | Noticed a polar bear
  2685 | D        | Killed a komodo dragon
  2685 | D        | Reached XP level 9. HP: 66/66 MP: 17/20
  2695 | D        | Killed a five-headed hydra
  2695 | D        | Reached skill level 5 in Poison Magic
  2703 | D        | Killed a rime drake
  2703 | D        | Reached ****** piety under Cheibriados
  2703 | D        | Reached skill level 5 in Invocations
  2703 | D        | Reached skill level 5 in Evocations
  2708 | D        | Killed a polar bear
  2709 | D        | HP: 3/67 [blink frog (10)]
  3261 | D        | Noticed a polar bear
  3261 | D        | Noticed a four-headed hydra
  3264 | D        | Killed a polar bear
  3264 | D        | Reached XP level 10. HP: 74/74 MP: 18/22
  3272 | D        | HP: 2/74 [four-headed hydra (11)]
  3272 | D        | Mangled by a four-headed hydra

Skill      XL: |  1  2  3  4  5  6  7  8  9 |
---------------+----------------------------+-----
Fighting       | 4 5 6 7 8 9 |  9.2
Dodging        | 4 5 6 7 8 9 |  9.4
Unarmed Combat | 5 6 7 8 9 |  9.8
Spellcasting   | 4 5 6 7 8 |  8.8
Transmutations | 4 5 6 7 8 9 |  9.6
Poison Magic   | 2 3 4 6 |  6.1
Invocations    | 2 3 4 5 |  5.5
Ice Magic      | 1 3 4 |  4.9
Evocations     | 1 3 4 5 |  5.4

Action                   |  1- 3 |  4- 6 |  7- 9 | 10-12 || total
-------------------------+-------+-------+-------+-------++-------
Melee: Unarmed           |    21 |    38 |    73 |     6 ||   138
       Constrict         |     4 |     3 |     1 |       ||     8
       Tentacles         |     3 |     4 |     1 |       ||     8
       Kick              |     2 |     4 |       |       ||     6
       Punch             |       |     2 |       |       ||     2
 Cast: Beastly Appendage |     1 |       |       |       ||     1
       Spider Form       |       |     2 |     3 |       ||     5
       Blade Hands       |       |       |     1 |       ||     1
  Use: Potion            |     1 |     2 |     4 |     1 ||     8
  Eat: Bread ration      |       |     1 |       |       ||     1
Armor: Skin              |       |     1 |     1 |     1 ||     3
Dodge: Dodged            |     8 |    20 |   102 |    18 ||   148
